 Dungeon Crawl Stone Soup version 0.21.1-1-g345015fe64 (webtiles) character file.

284 KleinerIrrer the Chopper (level 6, -15/47 HPs)
             Began as a Formicid Fighter on Apr 4, 2018.
             Demolished by an orc warrior
             ... wielding a +1 dire flail of venom
              (19 damage)
             ... on level 3 of the Dungeon.
             The game lasted 00:01:02 (3881 turns).

KleinerIrrer the Chopper (Formicid Fighter)         Turns: 3881, Time: 00:01:02

Health: -15/47     AC: 15    Str: 22    XL:     6   Next: 54%
Magic:  6/6        EV:  6    Int:  8    God:
Gold:   133        SH:  9    Dex: 10    Spells: 5/5 levels left

rFire    . . .     SeeInvis +   Y - +2 war axe
rCold    . . .     Gourm    .   c - +0 shield
rNeg     . . .     Faith    .   g - +0 chain mail
rPois    +         Spirit   .   (helmet unavailable)
rElec    .         Reflect  .   n - +2 cloak
rCorr    .         Harm     .   h - +0 pair of gloves
MR       .....                  (no boots)
Stlth    ..........             (no amulet)
HPRegen  0.15/turn              (no ring)
MPRegen  0.10/turn              (no ring)

@: lethally poisoned (-15 -> -17)
A: permanent stasis, dig shafts and tunnels, four strong arms, antennae 3,
iridescent scales 1, poison resistance
a: Dig, Shaft Self


You were on level 3 of the Dungeon.
You were hungry.

You visited 1 branch of the dungeon, and saw 4 of its levels.

You collected 133 gold pieces.


Innate Abilities, Weirdness & Mutations

You cannot be hasted, slowed, berserked, paralysed or teleported.
You can dig through walls and to a lower floor.
Your four strong arms can wield two-handed weapons with a shield.
You have a pair of large antennae on your head. (SInv)
You are partially covered in iridescent scales. (AC +2)
Your system is resistant to poisons. (rPois)


   Skills:
 + Level 3.5 Fighting
 - Level 6.0 Axes
 - Level 3.2 Armour
 - Level 1.0 Dodging
 - Level 4.0 Shields


You had 5 spell levels left.
You didn't know any spells.

Inventory:

Hand Weapons
 l - a +0 mace of pain
 q - a +0 whip
 Y - a +2 war axe (weapon)
Armour
 c - a +0 shield (worn)
 g - a +0 chain mail (worn)
 h - a +0 pair of gloves (worn)
 n - a +2 cloak (worn)
Jewellery
 m - a cursed -5 ring of dexterity {unknown}
Wands
 k - a wand of acid (13)
Scrolls
 p - 2 scrolls of teleportation
Potions
 d - 2 potions of might
 f - a potion of mutation
 i - a potion of ambrosia {unknown}
 j - a potion of lignification {unknown}
 o - a potion of flight {unknown}
 r - a potion of curing {unknown}
 t - a potion of agility {unknown}
 u - a potion of brilliance {unknown}
 v - a potion of berserk rage {unknown}
 w - a potion of haste {unknown}
Comestibles
 e - 9 rations

Dungeon Overview and Level Annotations

Branches:
Dungeon (4/15)
 Temple: D:4-7

Altars:
Dithmenos
Fedhas
Uskayaw


Message History

You are feeling hungry.
You block the orc warrior's attack.
Your shield and chain mail prevent you from hitting the orc warrior.
The orc warrior is lightly wounded.
You block the orc warrior's attack.
The orc warrior hits you but does no damage.
You are poisoned.
You closely miss the orc warrior.
The orc warrior is lightly wounded.
You feel sick. The orc warrior barely misses you.
You closely miss the orc warrior.
The orc warrior is lightly wounded.
The orc warrior hits you but does no damage.
You hit the orc warrior but do no damage.
The orc warrior is lightly wounded.
You feel sick. You block the orc warrior's attack.
You hit the orc warrior but do no damage.
The orc warrior is lightly wounded.
The orc warrior hits you with a dire flail of venom!!
You die...

#.......#...#######.##.#
#.....#.#...........##.#
##....#.#...############
########......#...# ##8#
..................##8...
..................##.... ###
...........##.....#>.... #.#
...........##...o.##.... #.#
...........##...@.##8... #.#
..................# ##8# #.#
.........(.##.....# ## #.#
...........####...#############.#
...........# #.................#
...........# #...############.##
...........# #...# #.#
...........# #.#.## #.#
...........####.#..# #.#


You could see an orc warrior.

Vanquished Creatures
  A hound (D:3)
  An orc wizard (D:4)
  2 worker ants (D:4)
  7 adders
  4 worms
  4 dart slugs
  3 leopard geckos
  2 orcs (D:4)
  4 giant cockroaches
  6 goblins
  13 hobgoblins
  10 jackals
  2 quokkas (D:4)
  3 ball pythons
  8 bats
  8 frilled lizards
  12 kobolds
  6 rats
96 creatures vanquished.

Notes
Turn   | Place    | Note
-------+----------+-------------------------------------------
     0 | D:1      | KleinerIrrer the Formicid Fighter began the quest for the Orb.
     0 | D:1      | Reached XP level 1. HP: 18/18 MP: 1/1
     0 | D:1      | 0 ||| counter = 8
    36 | D:1      | Reached XP level 2. HP: 14/24 MP: 2/2
   280 | D:1      | Reached skill level 3 in Axes
   446 | D:1      | Reached XP level 3. HP: 29/29 MP: 3/3
   732 | D:1      | 732 ||| DROPPING club.
  1239 | D:1      | 1239 ||| EATING 2 rations.
  1253 | D:1      | 1253 ||| READING scroll labeled ESEDWE ABAUPT.
  1254 | D:1      | 1254 ||| READING scroll labeled GETHYGGOUR.
  1290 | D:2      | 1290 ||| STAIRDANCE
  1333 | D:2      | Reached skill level 4 in Axes
  1333 | D:2      | Reached XP level 4. HP: 35/35 MP: 4/4
  1774 | D:2      | Found a blossoming altar of Fedhas.
  1812 | D:2      | 1812 ||| READING scroll of enchant weapon.
  1812 | D:2      | 1812 ||| ENCHANTING +1 war axe.
  2009 | D:2      | 2009 ||| UPGRADING to pair of gloves.
  2014 | D:2      | 2014 ||| READING 2 scrolls labeled IPUGEL COTI.
  2015 | D:2      | 2015 ||| DROPPING scroll of magic mapping.
  2239 | D:3      | 2239 ||| STAIRDANCE
  2350 | D:3      | Reached skill level 5 in Axes
  2350 | D:3      | Reached XP level 5. HP: 37/41 MP: 5/5
  2652 | D:3      | Reached skill level 1 in Dodging
  2668 | D:3      | Found a shadowy altar of Dithmenos.
  2932 | D:3      | 2932 ||| UPGRADING to glowing cloak.
  2937 | D:3      | 2937 ||| READING 3 scrolls labeled HIPISENWAI.
  2938 | D:3      | 2938 ||| DRINKING 2 fizzy emerald potions.
  2938 | D:3      | Gained mutation: Your system is resistant to poisons. (rPois) [potion of mutation]
  2938 | D:3      | Gained mutation: You are partially covered in iridescent scales. (AC +2) [potion of mutation]
  2939 | D:3      | 2939 ||| READING scroll of identify.
  2939 | D:3      | 2939 ||| IDENTIFYING brass ring
  2940 | D:3      | 2940 ||| DROPPING ring of see invisible.
  2984 | D:4      | Reached XP level 6. HP: 41/47 MP: 6/6
  3151 | D:4      | Reached skill level 6 in Axes
  3328 | D:4      | Found a hide-covered altar of Uskayaw.
  3622 | D:4      | Noticed a phantom
  3623 | D:4      | Noticed an orc warrior
  3645 | D:4      | 3645 ||| STAIRDANCE
  3843 | D:3      | 3843 ||| UPGRADING to chain mail.
  3853 | D:3      | 3853 ||| DROPPING +0 scale mail.
  3854 | D:3      | 3854 ||| READING scroll labeled TODYOT JOYSCH.
  3857 | D:4      | 3857 ||| STAIRDANCE
  3874 | D:3      | HP: 7/47 [orc warrior/dire flail of venom (12)]
  3880 | D:3      | HP: 4/47 [poisoned by an orc warrior]
  3881 | D:3      | Demolished by an orc warrior

Vault maps used:
D:1:      lightli_arrival_lavapool, lexackson_kobold_supper
D:2:      marbit_many_paths, first_ration
D:3:      nicolae_overflow_hidden_temple, grunt_dithmenos_smoke
D:4:      kennysheep_big_flooded_room, eat_drink_and_be_merry_uskayaw

Skill      XL: |  1  2  3  4  5  6 |
---------------+-------------------+-----
Axes           | 3 4 5 6 |  6.0
Dodging        | 1 |  1.0
Shields        | 4 |  4.0
Fighting       | |  3.5
Armour         | |  3.2

Action                   |  1- 3 |  4- 6 || total
-------------------------+-------+-------++-------
Melee: War axe           |    97 |   198 ||   295
  Use: Scroll            |     2 |     5 ||     7
       Potion            |       |     1 ||     1
  Eat: Ration            |     1 |       ||     1
       Chunk             |       |     6 ||     6
Armor: Scale mail        |    34 |    73 ||   107
       Chain mail        |       |     2 ||     2
Dodge: Dodged            |    22 |    58 ||    80
Block: Shield            |    37 |    91 ||   128

Table legend:
 A = Spawn XP
 B = Non-spawn XP
 C = Spawn XP percentage of total XP
 D = Spawn monster count
 E = Non-spawn monster count
 F = Spawn count percentage of total count
 G = Total turns spent on level
                    A         B        C        D         E        F      G
               +---------+---------+-------+---------+---------+-------+---------
         Total |       0 |     406 |   0.0 |       0 |      96 |   0.0 |  3881
               +---------+---------+-------+---------+---------+-------+---------
           D:1 |       0 |      60 |   0.0 |       0 |      32 |   0.0 |  1313
           D:2 |       0 |      55 |   0.0 |       0 |      27 |   0.0 |   763
           D:3 |       0 |     129 |   0.0 |       0 |      20 |   0.0 |  1110
           D:4 |       0 |     162 |   0.0 |       0 |      17 |   0.0 |   695
               +---------+---------+-------+---------+---------+-------+---------
